 Dungeon Crawl Stone Soup version 0.32-a0-799-g95e1662365 (webtiles) character file.

Game seed: 11669835866388261335

618 Aneyh the Spear-Bearer (level 7, -1/36 HPs)
             Began as a Tengu Monk on Mar 22, 2024.
             Was a Priest of Hepliaklqana.
             Killed by divine providence
             ... invoked by an orc priest
              (10 damage)
             ... on level 5 of the Dungeon.
             The game lasted 00:05:35 (3070 turns).

Aneyh the Spear-Bearer (Tengu Monk)                 Turns: 3070, Time: 00:05:42

Health: -1/36      AC: 11    Str: 12    XL:     7   Next: 45%
Magic:  17/17      EV: 30    Int: 12    God:    Hepliaklqana [***...]
Gold:   232        SH:  0    Dex: 16    Spells: 6/6 levels left

rFire   . . .        q - +0 halberd
rCold   . . .        (shield currently unavailable)
rNeg    . . .        m - +0 ring mail
rPois   .            w - +0 hat
rElec   .            (no cloak)
rCorr   .            o - +1 pair of gloves
SInv    .            (boots unavailable)
Will    .....        (no amulet)
Stlth   +            x - +4 ring of protection
HPRegen 0.26/turn    y - ring of magical power
MPRegen 0.15/turn

%: acrobat
@: lethally poisoned (-1 -> -8), acrobatic, flying
A: reduced essence, beak, talons 3, evasive flight, acrobatic
a: Renounce Religion, Recall Ancestor, Ancestor Identity, Transference


You were on level 5 of the Dungeon.
You worshipped Hepliaklqana.
Hepliaklqana was most pleased with you.
You visited 1 branch of the dungeon, and saw 5 of its levels.

You collected 232 gold pieces.

Inventory:

Hand Weapons
 a - a +0 spear
 b - a +0 dagger of draining
 k - a +1 short sword of venom
 q - a +0 halberd (weapon)
 r - a +0 scimitar
 s - a +1 short sword of speed
Armour
 d - an orb of light
 f - a +0 robe
 m - a +0 ring mail (worn)
 o - a +1 pair of gloves (worn)
 w - a +0 hat (worn)
Jewellery
 u - a ring of protection from fire
 x - a +4 ring of protection (left hand)
 y - a ring of magical power (right hand)
Scrolls
 g - 3 scrolls of identify
 h - a scroll of amnesia
 i - 2 scrolls of poison
 n - a scroll of immolation {unknown}
 p - a scroll of enchant armour
 t - a scroll of blinking {unknown}
 v - a scroll of fog {unknown}
Potions
 c - 2 potions of ambrosia
 e - 2 potions of cancellation {unknown}
 j - a potion of mutation {unknown}
 l - 3 potions of curing {unknown}
 z - a potion of enlightenment {unknown}


   Skills:
 - Level 3.0 Fighting
 * Level 8.6 Polearms
 + Level 4.6 Dodging


You had 6 spell levels left.
You didn't know any spells.
Your spell library contained the following spells:

 Spells                   Type           Power      Damage    Failure   Level
 Magic Dart               Conj           0%         1d3       58%         1
 Searing Ray              Conj           0%         2d4       75%         2
 Gell's Gravitas          Tloc           0%         N/A       92%         3
 Teleport Other           Tloc           0%         N/A       92%         3
 Volatile Blastmotes      Fire/Tloc      0%         2d10      92%         3
 Fulminant Prism          Conj/Alch      0%         3d5       100%        4
 Iskenderun's Mystic Bla  Conj/Tloc      0%         2d3       100%        4
 Dispersal                Tloc           0%         N/A       100%        6


Dungeon Overview and Level Annotations

Branches:
Dungeon (5/15)             Temple (0/1) D:4

Altars:
Hepliaklqana
Ru
Zin


Innate Abilities, Weirdness & Mutations

Your life essence is reduced to manifest your ancestor. (-10% HP)
You have a beak for a mouth.
You have claws for feet.
Your magical flight helps you evade attacks. (EV +4)
You can magically evade attacks while moving or waiting.


Message History

The killer bee barely misses Jowuqeav.
The killer bee completely misses you.
You barely miss the killer bee. Your peck misses the killer bee.
You feel sick.
The killer bee stings Jowuqeav.
The killer bee closely misses Jowuqeav.
Jowuqeav closely misses the killer bee.
The killer bee stings Jowuqeav. x2
The killer bee completely misses you. The killer bee barely misses you.
Jowuqeav hits the killer bee with a +0 quarterstaff!
The killer bee dies!
Unknown command.
Unknown command.
You feel sick.
The killer bee stings Jowuqeav.
Jowuqeav is destroyed!
The killer bee attacks as it pursues you!
The killer bee completely misses you. x3
Reach: q) +0 halberd
Press: ? - help, Dir - move target, f - killer bee
Aim: a killer bee (about 71% to evade your +0 halberd)
Okay, then.
As you read the scroll of teleportation, it crumbles to dust.
You feel strangely unstable.
You feel sick. The killer bee stings you. The killer bee barely misses you.
The killer bee closely misses you. The killer bee stings you.
You are more poisoned.
The killer bee poisons you!
The killer bee stings you but does no damage.
You feel very sick.
The killer bee stings you but does no damage.
The killer bee barely misses you.
Your surroundings suddenly seem different. 3 orcs, an orc warrior and 3 orc priests come into view.
An orc priest is wielding a +1 dagger of freezing.
Found 14 gold pieces.
* * * LOW HITPOINT WARNING * * *
You feel very sick.
The orc shouts! x3; The orc warrior shouts!
The orc priest shouts! x3
The orc warrior unwields a +0 trident.
The orc warrior wields a +0 arbalest.
The orc warrior shoots a bolt.
The bolt completely misses you.
The orc priest calls down the wrath of Beogh upon you.
Beogh smites you!
You die...
Hepliaklqana delivers you to your ancestors.

..... .....
..## ...##
#..## .### #
#...### #
..#####.....##
.....#.....o.##
...........o...
...........#
..$....@.o#
.....o...##
.........#
.......o.#
........o#
.......≈.≈
.....o.≈.≈
.......≈.≈#


You could see an orc warrior, 3 orc priests and 3 orcs.

Vanquished Creatures
  An ogre (D:5)
  A hound (D:4)
  A jelly (D:4)
  An iguana (D:5)
  3 adders
  2 gnolls (D:4)
  2 ribbon worms
  6 orcs
  4 endoplasms
  5 goblins
  8 hobgoblins
  4 kobolds
  A quokka (D:3)
  6 ball pythons (D:1)
  A frilled lizard (D:3)
  2 rats (D:2)
48 creatures vanquished.

Vanquished Creatures (collateral kills)
  Eustachio (D:4)
  A killer bee (D:5)
  A jelly (D:4)
  2 orc wizards (D:3)
  5 gnolls
  3 adders
  3 orcs
  An endoplasm (D:2)
  A giant cockroach (D:3)
  2 hobgoblins (D:2)
  A quokka (D:3)
  A ball python (D:4)
  A frilled lizard (D:3)
  A goblin (D:2)
  4 kobolds
  2 rats (D:3)
30 creatures vanquished.

Vanquished Creatures (others)
  A battlemage (D:5)
1 creature vanquished.

Grand Total: 79 creatures vanquished

Notes
Turn   | Place    | Note
-------+----------+-------------------------------------------
     0 | D:1      | Aneyh the Tengu Monk began the quest for the Orb.
     0 | D:1      | Reached XP level 1. HP: 14/14 MP: 2/2
    56 | D:1      | Found a faded altar of an unknown god.
   116 | D:1      | Reached XP level 2. HP: 19/19 MP: 3/3
   237 | D:1      | Reached skill level 4 in Polearms
   590 | D:2      | Reached XP level 3. HP: 23/23 MP: 4/4
   599 | D:2      | Found a hazy altar of Hepliaklqana.
   627 | D:2      | Became a worshipper of Hepliaklqana the Forgotten
   627 | D:2      | Reached * piety under Hepliaklqana
   627 | D:2      | Reached ** piety under Hepliaklqana
   628 | D:2      | Remembered your ancestor Jowuqeav as a battlemage
  1319 | D:2      | Reached XP level 4. HP: 25/25 MP: 5/5
  1323 | D:2      | Reached skill level 5 in Polearms
  1785 | D:3      | Reached XP level 5. HP: 20/28 MP: 6/6
  2199 | D:3      | Reached skill level 6 in Polearms
  2302 | D:4      | Reached *** piety under Hepliaklqana
  2312 | D:4      | Found a glowing silver altar of Zin.
  2381 | D:4      | Reached XP level 6. HP: 33/33 MP: 7/7
  2428 | D:4      | Found a sacrificial altar of Ru.
  2554 | D:4      | Found a staircase to the Ecumenical Temple.
  2637 | D:4      | Reached skill level 7 in Polearms
  2648 | D:4      | Noticed Eustachio
  2666 | D:4      | Killed Eustachio
  2667 | D:4      | Gained mutation: Your magical flight helps you evade
                  | attacks. (EV +4) [Tengu growth]
  2667 | D:4      | Reached XP level 7. HP: 36/36 MP: 8/8
  2808 | D:5      | Entered Level 5 of the Dungeon
  2817 | D:5      | Reached skill level 8 in Polearms
  3070 | D:5      | Killed from afar by an orc priest

Illustrated notes

Levels and vault maps discovered:
D:1:      lemuel_arrival_behind_the_door_small, layout_rooms,
          shapermc_ecumenical_altar_totnotflames
D:2:      layout_basic, basic_altar
D:3:      layout_rooms, nicolae_concentric_dashed_squares_wild,
          ebering_dispersal_statue_hall, st_stairs_8,
          amcnicky_mini_rare_corridor_liquid
D:4:      layout_basic, mainiacjoe_overflow_catwalk_spiral,
          minmay_temple_entry_arrows, serial_park_tiny_1, uniq_eustachio
D:5:      layout_cave_pods, lemuel_coloured_pillars_altar,
          chequers_serial_rivers_micro_d

Skill      XL: |  1  2  3  4  5  6  7 |
---------------+----------------------+-----
Polearms       | 4 5 6 7 8 |  8.6
Dodging        | 4 |  4.6
Fighting       | |  3.0

Action                     |  1- 3 |  4- 6 |  7- 9 || total
---------------------------+-------+-------+-------++-------
  Melee: Spear             |    54 |       |       ||    54
         Kick              |    11 |    10 |     3 ||    24
         Peck              |     8 |     6 |     1 ||    15
         Halberd           |       |    61 |    14 ||    75
 Invoke: Ancestor Life: Ba |     1 |       |       ||     1
    Use: Scroll            |       |     6 |     1 ||     7
   Stab: Distracted        |       |       |     1 ||     1
 Armour: Robe              |    19 |       |       ||    19
         Ring mail         |     4 |    30 |    11 ||    45
  Dodge: Dodged            |    23 |    29 |    18 ||    70

Table legend: (Time is in decaauts)
 A = Elapsed time spent in this place.
 B = Non-inter-level travel time spent in this place.
 C = Inter-level travel time spent in this place.
 D = Time resting spent in this place.
 E = Time spent auto-exploring this place.
 F = Levels seen in this place.
 G = Mean time per level.
                   A        B        C        D        E       F      G
               +--------+--------+--------+--------+--------+-----+--------+
         Total |   3075 |   2989 |     86 |    134 |   2379 |   5 |  615.0 |
       Dungeon |   3075 |   2989 |     86 |    134 |   2379 |   5 |  615.0 |
               +--------+--------+--------+--------+--------+-----+--------+

Top non-repeatable levels by time:
     D:2: 1150 daAuts
     D:3: 579 daAuts
     D:1: 573 daAuts
     D:4: 509 daAuts
     D:5: 262 daAuts
